 Dungeon Crawl Stone Soup version 0.18.1-5-g4a78601 (webtiles) character file.

5250 dorian the Martial Artist (level 10, -17/80 HPs)
             Began as a White Draconian Transmuter on May 9, 2016.
             Was a Priest of Cheibriados.
             Demolished by a hill giant
             ... wielding a +0 giant club
              (27 damage)
             ... on level 9 of the Dungeon.
             The game lasted 00:20:29 (8847 turns).

dorian the Martial Artist (DrTm)                    Turns: 8847, Time: 00:20:30

Health: -17/80     AC: 10    Str: 19    XL:     10   Next: 36%
Magic:  14/16      EV: 18    Int: 21    God:    Cheibriados [***...]
Gold:   340        SH:  0    Dex: 32    Spells: 3 memorised, 10 levels left

rFire  . . .     SeeInvis .       - Unarmed
rCold  + . .     Gourm    .     (armour unavailable)
rNeg   + . .     Faith    .     (no shield)
rPois  .         Spirit   .     (helmet restricted)
rElec  .         Dismiss  .     l - +1 cloak
rCorr  .         Reflect  .     y - +0 pair of gloves
SustAt .         Harm     .     (no boots)
MR     .....                    (no amulet)
Stlth  +++.......               p - +5 ring of dexterity
                                x - ring of positive energy

@: agile, about to teleport, very slow, not resistant to hostile enchantments,
fairly stealthy
A: breathe frost, unfitting armour, cold resistance 1, cold-blooded, AC +7
a: Breathe Frost, Bend Time, Temporal Distortion, Renounce Religion


You were on level 9 of the Dungeon.
You worshipped Cheibriados.
Cheibriados was most pleased with you.
You were hungry.

You visited 2 branches of the dungeon, and saw 10 of its levels.

You collected 340 gold pieces.

Inventory:

Hand Weapons
 r - a +0 morningstar of crushing
Missiles
 a - 77 arrows
 s - a javelin (quivered)
Armour
 g - a +2 pair of gloves of strength
 l - a +1 cloak (worn)
 y - a +0 pair of gloves (worn)
Jewellery
 h - an uncursed ring of wizardry
 o - a +3 ring of strength
 p - a +5 ring of dexterity (right hand)
 q - an uncursed ring of flight
 x - a ring of positive energy (left hand)
Wands
 f - a wand of iceblast (0/15)
Scrolls
 e - a scroll of remove curse
 k - 3 scrolls of recharging
 n - a scroll of random uselessness {unknown}
 t - 4 scrolls of teleportation
 A - a scroll of brand weapon {unknown}
Potions
 d - a potion of mutation {unknown}
 j - a potion of flight
 u - a potion of resistance {unknown}
 v - a potion of cancellation {unknown}
 z - a potion of agility
Books
 b - a book of Changes

   Spells                             Type                      Level
   a - Beastly Appendage              Transmutation                1
   b - Sticks to Snakes               Transmutation                2
   c - Spider Form                    Transmutation/Poison         3
   d - Ice Form                       Ice/Transmutation            4
   e - Blade Hands                    Transmutation                5
Comestibles
 c - 6 bread rations
 i - 4 chunks of flesh
 m - 5 meat rations


   Skills:
 - Level 4.6 Fighting
 - Level 1.7 Dodging
 - Level 10.0 Unarmed Combat
 - Level 4.3 Spellcasting
 + Level 8.4 Transmutations
 * Level 7.1 Invocations


You had 10 spell levels left.
You knew the following spells:

 Your Spells              Type           Power        Failure   Level  Hunger
a - Beastly Appendage     Trmt           #####.       1%          1    None
b - Sticks to Snakes      Trmt           #####...     1%          2    #......
c - Ice Form              Ice/Trmt       ###.....     24%         4    ####...


Dungeon Overview and Level Annotations

Branches:
Dungeon (9/15)             Temple (1/1) D:7
   Lair: D:8-11         Orc: D:9-12

Altars:
Ashenzari
Cheibriados
Dithmenos
Fedhas
Kikubaaqudgha
Nemelex Xobeh
Okawaru
Pakellas
Qazlal
Ru
Sif Muna
Xom
Yredelemnul
The Shining One

Shops:
D:6 [


Innate Abilities, Weirdness & Mutations

You can breathe waves of freezing cold.
You can buffet flying creatures when you breathe cold.
Your icy white scales are hard (AC +7).
Your body does not fit into most forms of armour.
Your flesh is cold resistant.
You are cold-blooded and may be slowed by cold attacks.


Message History

Gastronok is almost dead.
The bat misses you. The bat closely misses you.
You hit Gastronok but do no damage.
Gastronok is almost dead.
The bat misses you.
Gastronok waves his eye-stalks in wide circles.
The air twists around and strikes you!
* * * LOW HITPOINT WARNING * * *
You hit Gastronok.
You kill Gastronok!
Your Transmutations skill increases to level 8!
Your Invocations skill gained 3 levels and is now at level 7!
You have reached level 10!
Your life force feels restored.
The bat disappears in a puff of smoke!
Read which item? (? for menu, Esc to quit)
As you read the scroll of teleportation, it crumbles to dust.
You feel strangely unstable.
The hill giant hits you with a giant club!!
You die...

#.#.# # .# #.#.##### .#
#........ ########.# ###.#####
........# #.# ##.#.#..#####
#.##### # #....... ...#
#...... ..##.. #..####.####.#
####### ...%..###..C@.......#
..##...#.#####ยง##############
........C.#...#.)))..........
..##..#.#.#.##.#############.
##..#.#....#.# #.
.........#.#.# #.
###.####....#.# #. #.####.#
######. ... ..# ........


You could see a hill giant.

Vanquished Creatures
  Gastronok (D:9)
  A steam dragon (D:8)
  Menkaure (D:6)
  A sky beast (D:8)
  An ice beast (D:8)
  A necrophage (D:7)
  3 ogres
  A phantom (D:7)
  3 centaurs
  2 big kobolds (D:8)
  4 giant frogs
  3 scorpions
  A water moccasin skeleton (D:8)
  12 wights
  2 howler monkeys
  8 crimson imps
  6 hounds
  A jelly (D:9)
  2 centaur skeletons
  A giant frog zombie (D:5)
  2 quasits
  3 orc priests
  An iguana (D:7)
  3 giant frog skeletons
  7 orc wizards
  5 worker ants
  2 hound zombies
  A worker ant zombie (D:5)
  2 howler monkey skeletons
  4 adders
  A shadow imp (D:6)
  An ooze (D:6)
  2 adder skeletons
  An adder zombie (D:7)
  A worm (D:4)
  4 dart slugs
  2 giant geckos
  14 orcs
  A ball python (D:2)
  5 bats
  A giant cockroach (D:9)
  9 hobgoblins
  9 jackals
  3 quokkas
  A giant gecko zombie (D:7)
  8 giant newts
  14 goblins
  A jackal skeleton (D:4)
  14 kobolds
  7 rats
184 creatures vanquished.

Vanquished Creatures (collateral kills)
  A giant frog (D:6)
  2 scorpions
  A howler monkey (D:4)
  An orc wizard (D:5)
  An adder (D:6)
  An orc (D:6)
7 creatures vanquished.

Vanquished Creatures (others)
  An orc (D:4)
1 creature vanquished.

Grand Total: 192 creatures vanquished

Notes
Turn   | Place    | Note
--------------------------------------------------------------
     0 | D:1      | dorian the Draconian Transmuter began the quest for the Orb.
     0 | D:1      | Reached XP level 1. HP: 16/16 MP: 3/3
   285 | D:1      | Reached XP level 2. HP: 23/23 MP: 5/5
   680 | D:1      | Learned a level 2 spell: Sticks to Snakes
   694 | D:1      | Reached skill level 4 in Unarmed Combat
   815 | D:1      | Reached XP level 3. HP: 21/28 MP: 4/6
   945 | D:2      | Found a sparkling altar of Nemelex Xobeh.
  1491 | D:2      | Found an oddly glowing altar of Pakellas.
  1609 | D:3      | Found a shattered altar of Ashenzari.
  1855 | D:3      | Reached XP level 4. HP: 35/35 MP: 5/7
  1871 | D:3      | Reached skill level 5 in Unarmed Combat
  2474 | D:4      | Found a glowing golden altar of the Shining One.
  2499 | D:4      | Found a shimmering altar of Xom.
  2538 | D:4      | Reached XP level 5. HP: 35/40 MP: 3/8
  2618 | D:4      | Reached skill level 6 in Unarmed Combat
  2908 | D:4      | Noticed an ogre
  2918 | D:4      | Killed an ogre
  2918 | D:4      | Reached skill level 7 in Unarmed Combat
  2918 | D:4      | Reached XP level 6. HP: 12/47 MP: 7/9
  3823 | D:4      | Learned a level 4 spell: Ice Form
  4038 | D:4      | Reached skill level 8 in Unarmed Combat
  4038 | D:4      | Your scales start taking on an icy white colour.
  4038 | D:4      | Reached XP level 7. HP: 37/52 MP: 10/10
  4038 | D:4      | Gained mutation: Your flesh is cold resistant. [White Draconian growth]
  4215 | D:5      | Entered Level 5 of the Dungeon
  5014 | D:6      | Reached skill level 9 in Unarmed Combat
  5113 | D:6      | Found Gotoc's Antique Armour Emporium.
  5166 | D:6      | Reached XP level 8. HP: 46/59 MP: 11/11
  5432 | D:6      | Noticed Menkaure
  5446 | D:6      | Killed Menkaure
  5741 | D:6      | Found a basalt altar of Yredelemnul.
  6149 | D:6      | Reached skill level 5 in Transmutations
  6429 | D:6      | Reached skill level 10 in Unarmed Combat
  6800 | D:7      | Found a staircase to the Ecumenical Temple.
  6815 | Temple   | Entered the Ecumenical Temple
  6834 | Temple   | Became a worshipper of Cheibriados the Contemplative
  7208 | D:7      | Reached XP level 9. HP: 48/68 MP: 13/13
  7653 | D:8      | Reached * piety under Cheibriados
  7778 | D:8      | Reached ** piety under Cheibriados
  7843 | D:8      | Reached skill level 1 in Invocations
  8351 | D:9      | Found a sacrificial altar of Ru.
  8556 | D:9      | Reached *** piety under Cheibriados
  8806 | D:9      | Noticed Gastronok
  8814 | D:9      | Noticed a hill giant
  8846 | D:9      | Killed Gastronok
  8846 | D:9      | Reached XP level 10. HP: 10/80 MP: 14/16
  8847 | D:9      | Demolished by a hill giant

Skill      XL: |  1  2  3  4  5  6  7  8  9 |
---------------+----------------------------+-----
Unarmed Combat | 4 5 7 8 9 10 | 10.0
Transmutations | 3 6 8 |  8.4
Fighting       | 2 4 |  4.6
Spellcasting   | 3 4 |  4.3
Invocations    | 7 |  7.1
Dodging        | |  1.7

Action                   |  1- 3 |  4- 6 |  7- 9 | 10-12 || total
-------------------------+-------+-------+-------+-------++-------
Melee: Unarmed           |   140 |   235 |   494 |       ||   869
       Tailslap          |     7 |    34 |    83 |       ||   124
       Punch             |     3 |     4 |    27 |       ||    34
       Kick              |     5 |    17 |    71 |       ||    93
       Headbutt          |     1 |     2 |    36 |       ||    39
Throw: Javelin           |       |       |     1 |       ||     1
 Cast: Beastly Appendage |     5 |    11 |    32 |       ||    48
       Sticks to Snakes  |       |     5 |    22 |       ||    27
 Abil: Breathe Frost     |       |       |    10 |       ||    10
Evoke: Wand              |       |       |     3 |       ||     3
  Use: Scroll            |     4 |     2 |    11 |     1 ||    18
       Potion            |       |       |     7 |       ||     7
 Stab: Distracted        |       |       |     2 |       ||     2
       Sleeping          |       |       |     2 |       ||     2
       Paralysed         |       |       |     2 |       ||     2
  Eat: Chunk             |     3 |     6 |    14 |       ||    23
       Royal jelly       |       |     1 |       |       ||     1
       Beef jerky        |       |       |     2 |       ||     2
Armor: Skin              |    30 |   122 |   173 |       ||   325
Dodge: Dodged            |    74 |   153 |   261 |       ||   488
